 Dungeon Crawl Stone Soup version 0.26.0-10-g1f06aea511 (webtiles) character file.

Game seed: 11909770013450162442

6535 nightchill the Spear-Bearer (level 11, 0/84 HPs)
             Began as a Merfolk Ice Elementalist on Jan 29, 2021.
             Was an Elder of Okawaru.
             Slain by a black mamba (13 damage)
             ... on level 2 of the Lair of Beasts.
             The game lasted 00:40:34 (14584 turns).

nightchill the Spear-Bearer (MfIE)                 Turns: 14584, Time: 00:40:34

Health: 0/84       AC: 14    Str: 18    XL:     11   Next: 1%
Magic:  11/20      EV: 13    Int: 20    God:    Okawaru [****..]
Gold:   619        SH:  0    Dex: 15    Spells: 16/23 levels left

rFire    . . .     SeeInvis .   J - +0 halberd
rCold    . . .     Faith    .   (shield currently unavailable)
rNeg     . . .     Spirit   .   T - +1 robe {Will+}
rPois    .         Reflect  .   P - +0 helmet
rElec    .         Harm     .   E - +1 cloak
rCorr    .         Rampage  .   (no gloves)
Will     +....                  (no boots)
Stlth    ++........             (no amulet)
HPRegen  0.24/turn              g - +6 ring of strength
MPRegen  0.17/turn              F - +6 ring of intelligence

@: lethally poisoned (0 -> -27), icy armour, frozen ramparts
A: change form in water, swift swim, stealthy swim
a: Renounce Religion, Heroism


You were on level 2 of the Lair of Beasts.
You worshipped Okawaru.
Okawaru was greatly pleased with you.
You visited 3 branches of the dungeon, and saw 12 of its levels.

You collected 619 gold pieces.

Inventory:

Hand Weapons
 e - a +0 dagger
 o - a +0 spear
 I - a +4 trident of venom
 J - a +0 halberd (weapon)
Missiles
 l - 160 stones
 q - 16 poisoned darts
 w - 14 boomerangs (quivered)
 x - 3 silver boomerangs
 Q - 6 datura-tipped darts
Armour
 s - the +2 robe of Complete Protection {MP+9 Str+3 Int+3}
   (You found it on level 6 of the Dungeon)

   It affects your strength (+3).
   It affects your intelligence (+3).
   It affects your magic capacity (+9).
 E - a +1 cloak (worn)
 K - a +0 chain mail of fire resistance
 P - a +0 helmet (worn)
 T - a +1 robe of willpower (worn)
Jewellery
 b - a cursed -4 ring of strength
 g - a +6 ring of strength (left hand)
 r - an uncursed ring of positive energy
 F - a +6 ring of intelligence (right hand)
 L - an uncursed ring of ice {unknown}
 R - a cursed ring of flight {unknown}
Wands
 a - a wand of digging (11)
 C - a wand of paralysis (10)
Scrolls
 c - a scroll of holy word {unknown}
 d - 2 scrolls of magic mapping
 f - 2 scrolls of immolation {unknown}
 i - 3 scrolls of enchant armour
 n - 3 scrolls of fog {unknown}
 t - 2 scrolls of enchant weapon {unknown}
 v - 4 scrolls of teleportation
 y - 2 scrolls of amnesia {unknown}
 D - a scroll of blinking {unknown}
 G - a scroll of remove curse
 H - a scroll of random uselessness {unknown}
 N - a scroll of noise {unknown}
 O - 3 scrolls of identify
Potions
 h - a potion of might {unknown}
 j - 5 potions of heal wounds
 k - 2 potions of lignification
 m - 3 potions of invisibility
 p - a potion of cancellation {unknown}
 u - a potion of resistance {unknown}
 z - 2 potions of brilliance {unknown}
 A - 4 potions of curing
 B - 2 potions of berserk rage
 M - 2 potions of haste
 S - 2 potions of mutation {unknown}


   Skills:
 + Level 7.3 Fighting
 * Level 12.8 Polearms
 - Level 2.6 Dodging
 - Level 2.1 Stealth
 + Level 6.5 Spellcasting
 + Level 9.5 Ice Magic
 + Level 5.7 Invocations


You had 16 spell levels left.
You knew the following spells:

 Your Spells              Type           Power        Failure   Level
a - Freeze                Ice            100%         1%          1
b - Frozen Ramparts       Ice            88%          1%          3
c - Ozocubu's Armour      Ice            44%          1%          3

Your spell library contained the following spells:

 Spells                   Type           Power        Failure   Level
 Ensorcelled Hibernation  Hex/Ice        50%          2%          2
 Animate Skeleton         Necr           12%          10%         1
 Corona                   Hex            6%           10%         1
 Magic Dart               Conj           24%          10%         1
 Pain                     Necr           24%          10%         1
 Hailstorm                Conj/Ice       25%          14%         4
 Summon Ice Beast         Ice/Summ       25%          14%         4
 Blink                    Tloc           N/A          16%         2
 Call Imp                 Summ           6%           16%         2
 Slow                     Hex            6%           16%         2
 Confusing Touch          Hex            6%           30%         3
 Conjure Flame            Conj/Fire      6%           30%         3
 Dazzling Flash           Conj/Hex       12%          30%         3
 Mephitic Cloud           Conj/Pois/Air  6%           30%         3
 Tukima's Dance           Hex            6%           30%         3
 Vampiric Draining        Necr           3%           30%         3
 Animate Dead             Necr           3%           69%         4
 Agony                    Necr           6%           95%         5


Dungeon Overview and Level Annotations

Branches:
Dungeon (9/15)             Temple (1/1) D:7            Lair (2/6) D:8
  Snake (0/4) Lair:2
  Swamp: Lair:2-4    Shoals: Lair:2-4       Orc: D:9-12

Altars:
Ashenzari
Cheibriados
Dithmenos
Elyvilon
Fedhas
Gozag
Hepliaklqana
Kikubaaqudgha
Makhleb
Nemelex Xobeh
Okawaru
Qazlal
Ru
Sif Muna
Trog
Uskayaw
Vehumet
Wu Jian
Xom
Yredelemnul
Zin
The Shining One

Shops:
D:4 :}?

Annotations:
D:3 exclusion: downstairs
D:4 exclusion: downstairs
D:5 2 runed translucent doors, Galthrax's ghost, novice GnSu
D:6 exclusion: troll
Lair:2 3 exclusions


Message History

Press: ? - help, Dir - move target, f/p - black mamba
Aim: a black mamba (moderately wounded, slow)
You miss the black mamba.
The black mamba is moderately wounded.
You feel sick.
The wall freezes the black mamba.
The black mamba seems to slow down.
The black mamba bites you!
* * * LOW HITPOINT WARNING * * *
You are more poisoned.
The black mamba poisons you!
Casting: Ozocubu's Armour (safe; 1% risk of failure)
Confirm with . or Enter, or press ? or * to list all spells.
Aiming: Freeze (safe; 1% risk of failure)
Press: ? - help, Shift-Dir - straight line, f/p - black mamba
Aim: a black mamba (heavily wounded, slow)
You freeze the black mamba.
The black mamba is heavily wounded.
* * * LOW HITPOINT WARNING * * *
You feel very sick.
The wall freezes the black mamba.
The black mamba bites you!
You die...

#### ####### # #########.P#
###.P#..#.# ...........#
#........>. ...........#
####..........
...........####..S..........
...........##...@#..........
...........##..###..........
.........<.'...# #..........
...........##.###...........
.....÷......### #...........
##.÷##.#.#### #...........
##..##### #PP...##.##.
#...### ....P#. .. ##....#
........ .#


You could see a black mamba (slow).

Vanquished Creatures
  Erolcha (D:9)
  2 cane toads
  3 komodo dragons
  2 basilisks (Lair:1)
  5 water moccasins
  A naga (Lair:2)
  2 orc warriors
  A sky beast (D:8)
  5 ogres
  A necrophage (D:9)
  3 phantoms
  4 centaurs
  3 wolves (Lair:2)
  4 bullfrogs
  A gnoll sergeant (D:8)
  4 scorpions
  8 killer bees (D:8)
  A bullfrog zombie (D:5)
  A gnoll shaman (D:5)
  2 hounds
  A bullfrog skeleton (D:4)
  2 orc priests
  A centaur zombie (D:9)
  A jelly (D:7)
  An iguana (D:7)
  7 orc wizards
  9 worker ants
  A killer bee zombie (D:7)
  A hound zombie (D:7)
  2 worker ant zombies (D:5)
  14 gnolls
  A howler monkey skeleton (D:4)
  6 adders
  A shadow imp (D:8)
  An ufetubus (D:7)
  2 adder skeletons (D:9)
  3 worms
  3 dart slugs
  5 leopard geckos
  27 orcs
  3 giant cockroaches
  4 goblins (D:1)
  4 hobgoblins
  10 jackals
  5 kobolds
  3 quokkas
  A ball python (D:2)
  4 bats
  11 frilled lizards
  A jackal skeleton (D:7)
  8 rats
197 creatures vanquished.

Vanquished Creatures (others)
  A necrophage (D:8)
  A killer bee (D:8)
  3 fungi
  54 plants
59 creatures vanquished.

Grand Total: 256 creatures vanquished

Notes
Turn   | Place    | Note
-------+----------+-------------------------------------------
     0 | D:1      | nightchill the Merfolk Ice Elementalist began the quest for
                  | the Orb.
     0 | D:1      | Reached XP level 1. HP: 13/13 MP: 3/3
   609 | D:1      | Reached XP level 2. HP: 7/20 MP: 0/5
  1198 | D:1      | Reached skill level 1 in Fighting
  1198 | D:1      | Reached XP level 3. HP: 22/26 MP: 2/6
  1332 | D:2      | Reached skill level 5 in Ice Magic
  1359 | D:2      | Learned a level 3 spell: Frozen Ramparts
  1696 | D:2      | Reached XP level 4. HP: 33/33 MP: 1/7
  1976 | D:2      | Learned a level 3 spell: Ozocubu's Armour
  2359 | D:3      | Noticed an ogre
  2448 | D:2      | Reached skill level 1 in Polearms
  2920 | D:3      | Killed an ogre
  2921 | D:3      | Reached skill level 2 in Polearms
  2921 | D:3      | Reached XP level 5. HP: 11/38 MP: 0/9
  3474 | D:4      | Reached skill level 3 in Polearms
  3577 | D:4      | Noticed an ogre
  3876 | D:4      | Found Tuwyv's Book Shop.
  3897 | D:4      | Found Weawaot's Gadget Emporium.
  3994 | D:4      | Found Ginerch's Magic Scroll Shop.
  4004 | D:4      | Reached XP level 6. HP: 40/46 MP: 6/10
  4243 | D:4      | Reached skill level 4 in Polearms
  4307 | D:4      | Reached XP level 7. HP: 15/52 MP: 2/12
  4940 | D:5      | Entered Level 5 of the Dungeon
  5171 | D:5      | Reached skill level 5 in Polearms
  5305 | D:5      | Found a runed translucent door.
  5305 | D:5      | Noticed Galthrax's ghost (novice GnSu)
  5702 | D:5      | Found a runed translucent door.
  6344 | D:5      | Identified the +1 chain mail "Nocoran" {Will+ Dex+4 Stlth+}
  6359 | D:5      | Reached skill level 6 in Polearms
  6571 | D:5      | Reached XP level 8. HP: 52/60 MP: 8/13
  7192 | D:6      | Got a dull robe
  7193 | D:6      | Identified the +2 robe of Complete Protection {MP+9 Str+3
                  | Int+3} (You found it on level 6 of the Dungeon)
  7332 | D:6      | Reached skill level 7 in Polearms
  7520 | D:6      | Found a glowing silver altar of Zin.
  7609 | D:6      | Found a sparkling altar of Nemelex Xobeh.
  7699 | D:6      | Found an opulent altar of Gozag.
  7753 | D:6      | Noticed a troll
  7810 | D:7      | Found a staircase to the Ecumenical Temple.
  7917 | Temple   | Entered the Ecumenical Temple
  7951 | Temple   | Became a worshipper of Warmaster Okawaru
  8291 | D:7      | Reached skill level 1 in Invocations
  8379 | D:7      | Reached skill level 8 in Polearms
  8743 | D:7      | Found a shimmering blue altar of Sif Muna.
  9005 | D:8      | Found a staircase to the Lair.
  9006 | D:8      | Noticed a komodo dragon
  9059 | D:8      | Killed a komodo dragon
  9059 | D:8      | Reached * piety under Okawaru
  9060 | D:8      | Reached skill level 5 in Fighting
  9060 | D:8      | Reached skill level 9 in Polearms
  9060 | D:8      | Reached XP level 9. HP: 41/68 MP: 5/16
  9272 | D:8      | Reached skill level 5 in Spellcasting
 10019 | D:8      | Found an opulent altar of Gozag.
 10450 | D:8      | Found a radiant altar of Vehumet.
 10519 | D:8      | Reached skill level 10 in Polearms
 10760 | D:8      | Reached ** piety under Okawaru
 11720 | D:9      | Noticed Erolcha
 11745 | D:9      | Killed Erolcha
 11745 | D:9      | Reached *** piety under Okawaru
 11746 | D:9      | Reached skill level 11 in Polearms
 11746 | D:9      | Reached XP level 10. HP: 35/77 MP: 12/18
 12414 | D:9      | Found an ornate altar of the Wu Jian Council.
 12477 | D:9      | Received a gift from Okawaru
 12730 | Lair:1   | Entered Level 1 of the Lair of Beasts
 12851 | Lair:1   | Noticed a cane toad
 12870 | Lair:1   | Killed a cane toad
 13069 | Lair:1   | Reached skill level 12 in Polearms
 13069 | Lair:1   | Reached skill level 5 in Invocations
 13268 | Lair:1   | Reached **** piety under Okawaru
 13962 | Lair:2   | Found a staircase to the Snake Pit.
 14076 | Lair:2   | Noticed a cane toad
 14184 | Lair:2   | Killed a cane toad
 14185 | Lair:2   | Reached XP level 11. HP: 38/84 MP: 10/20
 14584 | Lair:2   | Slain by a black mamba

Illustrated notes

Levels and vault maps discovered:
D:1:      lemuel_arrival_room, layout_basic
D:2:      minmay_recursive_quarters, layout_rooms, minmay_lizard_pond
D:3:      layout_rooms
D:4:      layout_loops_ring, serial_shops, nicolae_shop_waterfront, shop, shop
D:5:      layout_basic, ebering_ghost_sewer_f, minmay_fractal_squares_diagonal_5
D:6:      layout_loops_ring, zin_academy, nemelex_xobeh_ov_fountains_minmay,
          chequers_serial_rivers_room_b, nicolae_gozag_seed_capital
D:7:      minmay_angry_zag, layout_cave_pools, lemuel_blue_sif_altar,
          minmay_temple_entry_statues_fountains
D:8:      layout_gridville, fiery_altar_vehumet, nicolae_overflow_hidden_temple,
          david_lair_shrubbed, hangedman_decor_points
D:9:      kennysheep_blocky_hall, layout_irregular_city,
          pdpol_wu_jian_five_deadly_venoms, uniq_erolcha
Temple:   lightli_temple_of_artemis
Lair:1:   layout_regular_city
Lair:2:   layout_roguey, minmay_shoals_entry_hut, guppyfry_snake_entry_garden,
          grunt_megastairs_1

Skill      XL: |  1  2  3  4  5  6  7  8  9 10 |
---------------+-------------------------------+-----
Fighting       | 1 2 3 5 6 7 |  7.3
Ice Magic      | 5 6 7 8 9 |  9.5
Polearms       | 2 3 4 6 9 11 12 | 12.8
Spellcasting   | 3 4 5 6 |  6.5
Invocations    | 2 4 5 |  5.7
Dodging        | |  2.6
Stealth        | |  2.1

Action                   |  1- 3 |  4- 6 |  7- 9 | 10-12 || total
-------------------------+-------+-------+-------+-------++-------
Melee: Dagger            |     4 |       |       |       ||     4
       Unarmed           |     1 |       |       |       ||     1
       Spear             |       |   124 |   361 |       ||   485
       Halberd           |       |       |    65 |    85 ||   150
Throw: Stone             |       |     1 |     4 |       ||     5
 Cast: Freeze            |    46 |    16 |    19 |    11 ||    92
       Frozen Ramparts   |     1 |    12 |    44 |    11 ||    68
       Ozocubu's Armour  |       |     5 |    23 |     6 ||    34
Invok: Heroism           |       |       |     1 |     1 ||     2
  Use: Scroll            |       |       |    13 |       ||    13
       Potion            |       |       |       |     2 ||     2
 Stab: Sleeping          |       |     2 |     5 |     2 ||     9
Armor: Robe              |     2 |    12 |    86 |    13 ||   113
Dodge: Dodged            |    18 |    64 |   228 |    43 ||   353
